SAA
VIRGINIA BEACH DEUCES @ CHESAPEAKE CONTINENTALS
07/17/2023
 
TOP OF THE 1ST
Virginia Beach Deuces batting - Pitching for Chesapeake Continentals : RHP Ben Logan
Pitching: RHP Ben Logan
Batting: LHB Perry Bothof 0-0: Ball
1-0: Swinging Strike
1-1: Called Strike
1-2: Strikes out swinging
Batting: RHB José Ramírez 0-0: Swinging Strike
0-1: Foul Ball, location: 2F
0-2: Foul Ball, location: 2F
0-2: Strikes out looking
Batting: RHB Herman Cook 0-0: Ball
1-0: Ball
2-0: Ball
3-0: Base on Balls
Batting: RHB Luis Jelarde 0-0: Ground out 5-3 (Groundball, 5)
Top of the 1st over - 0 run(s), 0 hit(s), 0 error(s), 1 left on base; Virginia Beach 0 - Chesapeake 0
BOTTOM OF THE 1ST
Chesapeake Continentals batting - Pitching for Virginia Beach Deuces : LHP Travis Grant
Pitching: LHP Travis Grant
Batting: RHB Héctor Hernández 0-0: Swinging Strike
0-1: Ball
1-1: Fly out, F9 (Flyball, 89M)
Batting: RHB Miguel Cruz 0-0: Ball
1-0: Ball
2-0: Called Strike
2-1: Called Strike
2-2: Ball
3-2: Ground out 4-3 (Groundball, 4)
Batting: LHB Arturo Ballina 0-0: Ball
1-0: Called Strike
1-1: Foul Ball, location: 2F
1-2: Strikes out swinging
Bottom of the 1st over - 0 run(s), 0 hit(s), 0 error(s), 0 left on base; Virginia Beach 0 - Chesapeake 0
TOP OF THE 2ND
Virginia Beach Deuces batting - Pitching for Chesapeake Continentals : RHP Ben Logan
Batting: LHB Raúl Aguirre 0-0: Ground out 6-3 (Groundball, 6M)
Batting: LHB Jeff Rutherford 0-0: Foul Ball, location: 2F
0-1: Swinging Strike
0-2: Foul Ball, location: 2F
0-2: Foul Ball, location: 2F
0-2: SINGLE (Groundball, 34D)
Batting: RHB Rafael Hernández 0-0: Called Strike
0-1: Swinging Strike
0-2: Strikes out swinging
Batting: LHB Stephen Baird 0-0: Foul Ball, location: 2F
0-1: Ball
1-1: Ball
2-1: Fly out, F7 (Flyball, 7LM)
Top of the 2nd over - 0 run(s), 1 hit(s), 0 error(s), 1 left on base; Virginia Beach 0 - Chesapeake 0
BOTTOM OF THE 2ND
Chesapeake Continentals batting - Pitching for Virginia Beach Deuces : LHP Travis Grant
Batting: RHB Ju-chan Pak 0-0: Ball
1-0: Ball
2-0: Ball
3-0: Base on Balls
Batting: LHB Roberto Sánchez 0-0: Foul Ball, location: 2F
0-1: Fly out, F9 (Flyball, 89S)
Batting: RHB Gabriel Guerrero 0-0: Ball
1-0: Called Strike
1-1: Fly out, F8 (Flyball, 8LM)
Batting: RHB Gil Nichols 0-0: Foul Ball, location: 2F
0-1: Ball
1-1: Fly out, F7 (Flyball, 78M)
Bottom of the 2nd over - 0 run(s), 0 hit(s), 0 error(s), 1 left on base; Virginia Beach 0 - Chesapeake 0
TOP OF THE 3RD
Virginia Beach Deuces batting - Pitching for Chesapeake Continentals : RHP Ben Logan
Batting: LHB Errol Levick 0-0: Called Strike
0-1: Ball
1-1: Called Strike
1-2: Ball
2-2: Strikes out swinging
Batting: LHB Perry Bothof 0-0: Ball
1-0: Ball
2-0: Called Strike
2-1: Fly out, F7 (Flyball, 7LS)
Batting: RHB José Ramírez 0-0: Ball
1-0: Ball
2-0: Fly out, F6 (Line Drive, 6)
Top of the 3rd over - 0 run(s), 0 hit(s), 0 error(s), 0 left on base; Virginia Beach 0 - Chesapeake 0
BOTTOM OF THE 3RD
Chesapeake Continentals batting - Pitching for Virginia Beach Deuces : LHP Travis Grant
Batting: RHB Gustavo Varela 0-0: Called Strike
0-1: Swinging Strike
0-2: Ball
1-2: Strikes out looking
Batting: RHB Walter Hurlson 0-0: Called Strike
0-1: Bunted foul
0-2: Foul Ball, location: 2F
0-2: Foul Ball, location: 2F
0-2: Strikes out swinging
Batting: RHB Héctor Hernández 0-0: Ball
1-0: Ground out 5-3 (Groundball, 5)
Bottom of the 3rd over - 0 run(s), 0 hit(s), 0 error(s), 0 left on base; Virginia Beach 0 - Chesapeake 0
TOP OF THE 4TH
Virginia Beach Deuces batting - Pitching for Chesapeake Continentals : RHP Ben Logan
Batting: RHB Herman Cook 0-0: SINGLE (Line Drive, 89S)
Batting: RHB Luis Jelarde 0-0: Foul Ball, location: 2F
0-1: Grounds into double play, 4-6-3 (Groundball, 34)
Batting: LHB Raúl Aguirre 0-0: Called Strike
0-1: Ball
1-1: Swinging Strike
1-2: Foul Ball, location: 2F
1-2: Ball
2-2: Foul Ball, location: 2F
2-2: Strikes out swinging
Top of the 4th over - 0 run(s), 1 hit(s), 0 error(s), 0 left on base; Virginia Beach 0 - Chesapeake 0
BOTTOM OF THE 4TH
Chesapeake Continentals batting - Pitching for Virginia Beach Deuces : LHP Travis Grant
Batting: RHB Miguel Cruz 0-0: Ball
1-0: Called Strike
1-1: Hit by Pitch
Batting: LHB Arturo Ballina Pickoff Throw to First - Out!
0-0: Ball
1-0: Ball
2-0: Called Strike
2-1: Ground out 5-3 (Groundball, 56S)
Batting: RHB Ju-chan Pak 0-0: Ball
1-0: Ball
2-0: Ball
3-0: Base on Balls
Batting: LHB Roberto Sánchez 0-0: Called Strike
0-1: Fly out, F8 (Line Drive, 8LM)
Bottom of the 4th over - 0 run(s), 0 hit(s), 0 error(s), 1 left on base; Virginia Beach 0 - Chesapeake 0
TOP OF THE 5TH
Virginia Beach Deuces batting - Pitching for Chesapeake Continentals : RHP Ben Logan
Batting: LHB Jeff Rutherford 0-0: Swinging Strike
0-1: SINGLE (Flyball, 7S)
Batting: RHB Rafael Hernández 0-0: Foul Ball, location: 2F
0-1: Ball
1-1: Ball
2-1: Fly out, F7 (Flyball, 7M)
Batting: LHB Stephen Baird 0-0: Foul Ball, location: 2F
0-1: Called Strike
0-2: Foul Ball, location: 2F
0-2: Ball
1-2: Foul Ball, location: 2F
1-2: Strikes out looking
Batting: LHB Errol Levick 0-0: Fly out, F7 (Flyball, 78M)
Top of the 5th over - 0 run(s), 1 hit(s), 0 error(s), 1 left on base; Virginia Beach 0 - Chesapeake 0
BOTTOM OF THE 5TH
Chesapeake Continentals batting - Pitching for Virginia Beach Deuces : LHP Travis Grant
Batting: RHB Gabriel Guerrero 0-0: Ball
1-0: Ball
2-0: Ball
3-0: Base on Balls
Batting: RHB Gil Nichols 0-0: Ball
1-0: Bunted foul
1-1: Sac Bunt - play at first, batter OUT! 3-4
Gabriel Guerrero to second
Batting: RHB Gustavo Varela 0-0: Called Strike
0-1: Ball
1-1: Ground out 6-3 (Groundball, 6)
Gabriel Guerrero to third
Batting: RHB Walter Hurlson 0-0: Foul Ball, location: 2F
0-1: Ball
1-1: Ball
2-1: Ball
3-1: SINGLE (Groundball, 56D) (infield hit)
Gabriel Guerrero scores
Batting: RHB Héctor Hernández 0-0: Called Strike
0-1: Called Strike
0-2: Foul Ball, location: 2F
0-2: Ball
1-2: Ball
2-2: Strikes out swinging
Bottom of the 5th over - 1 run(s), 1 hit(s), 0 error(s), 1 left on base; Virginia Beach 0 - Chesapeake 1
TOP OF THE 6TH
Virginia Beach Deuces batting - Pitching for Chesapeake Continentals : RHP Ben Logan
Batting: LHB Perry Bothof 0-0: Ball
1-0: Called Strike
1-1: Foul Ball, location: 2F
1-2: Ball
2-2: Strikes out swinging
Batting: RHB José Ramírez 0-0: Ground out 6-3 (Groundball, 6)
Batting: RHB Herman Cook 0-0: Foul Ball, location: 2F
0-1: Ball
1-1: Swinging Strike
1-2: Ball
2-2: Ball
3-2: Fly out, F8 (Flyball, 89S)
Top of the 6th over - 0 run(s), 0 hit(s), 0 error(s), 0 left on base; Virginia Beach 0 - Chesapeake 1
BOTTOM OF THE 6TH
Chesapeake Continentals batting - Pitching for Virginia Beach Deuces : LHP Travis Grant
Batting: RHB Miguel Cruz 0-0: Ball
1-0: Swinging Strike
1-1: Ground out 1-3 (Groundball, 13)
Batting: LHB Arturo Ballina 0-0: Swinging Strike
0-1: Swinging Strike
0-2: Fly out, F2 (Popup, 2RF)
Batting: RHB Ju-chan Pak 0-0: Ball
1-0: Foul Ball, location: 2F
1-1: Foul Ball, location: 2F
1-2: Ground out 6-3 (Groundball, 6)
Bottom of the 6th over - 0 run(s), 0 hit(s), 0 error(s), 0 left on base; Virginia Beach 0 - Chesapeake 1
TOP OF THE 7TH
Virginia Beach Deuces batting - Pitching for Chesapeake Continentals : RHP Ben Logan
Batting: RHB Luis Jelarde 0-0: Fly out, F9 (Flyball, 89XD)
Batting: LHB Raúl Aguirre 0-0: Ball
1-0: Swinging Strike
1-1: Foul Ball, location: 2F
1-2: Strikes out swinging
Batting: LHB Jeff Rutherford 0-0: Ball
1-0: Foul Ball, location: 2F
1-1: Swinging Strike
1-2: Ball
2-2: Fly out, F7 (Flyball, 7S)
Top of the 7th over - 0 run(s), 0 hit(s), 0 error(s), 0 left on base; Virginia Beach 0 - Chesapeake 1
BOTTOM OF THE 7TH
Chesapeake Continentals batting - Pitching for Virginia Beach Deuces : LHP Travis Grant
Batting: LHB Roberto Sánchez 0-0: SINGLE (Flyball, 89S)
Batting: RHB Gabriel Guerrero
Pinch Hitting: RHB Mike Peterson 0-0: Sac Bunt - play at first, batter OUT! 3-4
Roberto Sánchez to second
Batting: RHB Gil Nichols 0-0: Intentional Walk
Batting: RHB Gustavo Varela 0-0: Ball
1-0: Foul Ball, location: 2F
1-1: Fly out, F9 (Flyball, 9M)
Batting: RHB Walter Hurlson 0-0: Ball
1-0: Fly out, F7 (Flyball, 78M)
Bottom of the 7th over - 0 run(s), 1 hit(s), 0 error(s), 2 left on base; Virginia Beach 0 - Chesapeake 1
TOP OF THE 8TH
Virginia Beach Deuces batting - Pitching for Chesapeake Continentals : RHP Ben Logan
Now at 2B: Mike Peterson
Batting: RHB Rafael Hernández 0-0: DOUBLE (Groundball, 5L)
Batting: LHB Stephen Baird 0-0: Called Strike
0-1: Foul Ball, location: 2F
0-2: Ball
1-2: Ball
2-2: Foul Ball, location: 2F
2-2: Ground out 5-3 (Groundball, 56S)
Rafael Hernández to third
Batting: LHB Errol Levick 0-0: Ball
1-0: Ball
2-0: Called Strike
2-1: Ball
3-1: Base on Balls
Batting: LHB Perry Bothof 0-0: Called Strike
0-1: Foul Ball, location: 2F
0-2: Foul Ball, location: 2F
0-2: Ground out 3-1 (Groundball, 34)
Rafael Hernández scores
Errol Levick to second
Batting: RHB José Ramírez 0-0: Fly out, F8 (Flyball, 4MD)
Top of the 8th over - 1 run(s), 1 hit(s), 0 error(s), 1 left on base; Virginia Beach 1 - Chesapeake 1
BOTTOM OF THE 8TH
Chesapeake Continentals batting - Pitching for Virginia Beach Deuces : LHP Travis Grant
Pinch Hitting: SHB Vince Barrowcliff 0-0: Called Strike
0-1: Ball
1-1: Foul Ball, location: 2F
1-2: Fly out, F4 (Popup, 3D)
Batting: RHB Miguel Cruz 0-0: Swinging Strike
0-1: Foul Ball, location: 2F
0-2: Fly out, F7 (Flyball, 7LM)
Batting: LHB Arturo Ballina 0-0: Called Strike
0-1: Ball
1-1: Ball
2-1: Foul Ball, location: 2F
2-2: Fly out, F7 (Flyball, 7D)
Bottom of the 8th over - 0 run(s), 0 hit(s), 0 error(s), 0 left on base; Virginia Beach 1 - Chesapeake 1
TOP OF THE 9TH
Virginia Beach Deuces batting - Pitching for Chesapeake Continentals : RHP Ben Logan
Pitching: RHP Jim Unknown
Now at 3B: Vince Barrowcliff
Batting: RHB Herman Cook 0-0: Ball
1-0: Ball
2-0: Called Strike
2-1: Foul Ball, location: 2F
2-2: SOLO HOME RUN (Flyball, 78XD), Distance : 415 ft
Pitching: RHP Godfrey Verbiest
Batting: RHB Luis Jelarde 0-0: Ball
1-0: Ground out 6-3 (Groundball, 6)
Batting: LHB Raúl Aguirre 0-0: Called Strike
0-1: Ball
1-1: Ball
2-1: Ball
3-1: Called Strike
3-2: Foul Ball, location: 2F
3-2: Ground out 4-3 (Groundball, 34)
Batting: LHB Jeff Rutherford 0-0: Ball
1-0: Called Strike
1-1: Called Strike
1-2: Strikes out swinging
Top of the 9th over - 1 run(s), 1 hit(s), 0 error(s), 0 left on base; Virginia Beach 2 - Chesapeake 1
BOTTOM OF THE 9TH
Chesapeake Continentals batting - Pitching for Virginia Beach Deuces : LHP Travis Grant
Pitching: RHP Lindsay Novak
Now at SS: Scott Miller
Now in LF: Wilson Pérez
Batting: RHB Ju-chan Pak 0-0: Ground out 5-3 (Groundball, 56)
Batting: LHB Roberto Sánchez 0-0: Ball
1-0: Called Strike
1-1: Reached on error, E4 (Groundball, 4)
Batting: RHB Mike Peterson 0-0: Swinging Strike
0-1: Grounds into double play, 6-4-3 (Groundball, 6)
Bottom of the 9th over - 0 run(s), 0 hit(s), 1 error(s), 0 left on base; Virginia Beach 2 - Chesapeake 1
This league is powered by Out of the Park Baseball, the baseball management simulation game for PC, Mac and Linux
Friday, July 8th, 2016 - OOTP Baseball 16.9 Build 39